 Dungeon Crawl Stone Soup version 0.30-a0-223-gcb0039aa0c (webtiles) character file.

Game seed: 12688371447391010369

2058 qw the Cleaver (level 9, -2/56 HPs)
             Began as a Gargoyle Fighter on Oct 9, 2022.
             Slain by a gnoll
             ... wielding a +0 halberd
             ... led by a gnoll bouda
              (7 damage)
             ... on level 7 of the Dungeon.
             The game lasted 00:02:31 (6494 turns).

qw the Cleaver (Gargoyle Fighter)                   Turns: 6494, Time: 00:02:32

Health: -2/56      AC: 22    Str: 21    XL:     9   Next: 25%
Magic:  9/9        EV:  7    Int: 10    God:
Gold:   383        SH:  4    Dex:  9    Spells: 8/8 levels left

rFire   + + +      SeeInvis +    m - +2 hand axe (vamp)
rCold   . . .      Faith    .    c - +0 buckler
rNeg    + . .      Spirit   .    g - +5 chain mail of Narcissism {rPois rF+++ Str-2 SInv}
rPois   inf        Reflect  .    (no helmet)
rElec   +          Harm     .    (no cloak)
rCorr   +          Rampage  .    r - +0 pair of gloves
Will    .....                    (no boots)
Stlth   ..........               (no amulet)
HPRegen 0.29/turn                f - ring of resist corrosion
MPRegen 0.11/turn                (no ring)

@: no status effects
A: sickness immunity, AC +6, negative energy resistance 1, electricity
resistance, torment resistance 1, petrification resistance
a: no special abilities


You were on level 7 of the Dungeon.
You visited 2 branches of the dungeon, and saw 8 of its levels.

You collected 383 gold pieces.


Innate Abilities, Weirdness & Mutations

You are immune to sickness and miasma.
Your stone body is resilient. (AC +6)
You are immune to poison.
You resist negative energy. (rN+)
You are resistant to electric shocks. (rElec)
You are resistant to unholy torment.
You are immune to petrification.


   Skills:
 + Level 6.4 Fighting
 - Level 9.0 Axes
 - Level 2.2 Throwing
 - Level 4.1 Armour
 - Level 1.5 Dodging
 - Level 4.2 Shields


You had 8 spell levels left.
You didn't know any spells.
Your spell library was empty.

Inventory:

Hand Weapons
 e - a +0 flail
 l - a +2 war axe
 m - a +2 vampiric hand axe (weapon)
Missiles
 o - 6 boomerangs
 t - 3 javelins (quivered)
Armour
 a - a +1 kite shield of protection
 c - a +0 buckler (worn)
 g - the +5 chain mail of Narcissism (worn) {rPois rF+++ Str-2 SInv}
   (You found it on level 4 of the Dungeon)

   Str:       It affects your strength (-2).
   rF:        It renders you almost immune to fire.
   rPois:     It protects you from poison.
   SInv:      It lets you see invisible.
 r - a +0 pair of gloves (worn)
Jewellery
 f - a ring of resist corrosion (left hand)
Scrolls
 p - a scroll of identify
Potions
 b - a potion of lignification {unknown}
 d - 2 potions of might
 h - a potion of attraction
 i - a potion of resistance {unknown}
 j - a potion of haste {unknown}
 k - a potion of magic {unknown}
 q - a potion of brilliance {unknown}
 v - a potion of mutation {unknown}

Dungeon Overview and Level Annotations

Branches:
Dungeon (7/15)             Temple (1/1) D:4

Altars:
Ashenzari
Cheibriados
Dithmenos
Elyvilon
Fedhas
Gozag
Kikubaaqudgha
Makhleb
Nemelex Xobeh
Qazlal
Ru
Sif Muna
Uskayaw
Vehumet
Wu Jian
Xom
Yredelemnul
Zin

Annotations:
D:5 2 transporters, qw's ghost, novice GrFi


Message History

The gnoll hits you with a +0 flail.
You hit the gnoll but do no damage.
The gnoll is heavily wounded.
The gnoll barely misses you. You block the gnoll's attack. x2
You hit the gnoll.
You kill the gnoll!
The gnoll hits you but does no damage. x2
You block the gnoll's attack. The gnoll hits you with a +0 halberd.
There is an open door, spattered with blood here.
You see here a +0 flail.
You slash the gnoll!
You feel better.
The gnoll is heavily wounded.
You closely miss the gnoll.
The gnoll hits you with a +2 spear of venom.
The gnoll hits you but does no damage.
You hit the gnoll.
You feel better.
The gnoll is severely wounded.
You closely miss the gnoll. The gnoll barely misses you. x2
You hit the gnoll.
The gnoll is severely wounded.
You hit the gnoll.
You feel better.
The gnoll hits you with a +2 spear of venom.
The gnoll hits you but does no damage.
You slash the gnoll!
You kill the gnoll!
You barely miss the gnoll. The gnoll closely misses you.
You hit the gnoll.
You feel better.
The gnoll is heavily wounded.
The gnoll hits you but does no damage.
You closely miss the gnoll.
The gnoll is heavily wounded.
You barely miss the gnoll.
The gnoll is heavily wounded.
The gnoll hits you but does no damage.
You closely miss the gnoll.
The gnoll is heavily wounded.
The gnoll hits you with a +0 halberd!
You die...

#......#......#......
#......#......#...... #
####...##.....#......
##.####'####.....#......
#.........######'#.....>
#.........#.............
#.........#.......######
#######.).#.......#.....
#@###.......#.....
#.).g.#.......#....[
#.....#.......#.....
#.....#.......######
#.....#.............
#######.............
#.............
#.............
#.............


You could see a gnoll.

Vanquished Creatures
  2 ice beasts
  A sky beast (D:7)
  2 black bears
  An ogre (D:6)
  2 centaurs (D:6)
  A phantom (D:7)
  A kobold brigand (D:3)
  A bullfrog (D:7)
  2 scorpions
  A necrophage (D:6)
  A gnoll sergeant (D:7)
  4 wights (D:7)
  A howler monkey (D:5)
  4 hounds
  A gnoll bouda (D:7)
  7 iguanas
  2 orc wizards
  12 gnolls
  4 adders
  A shadow imp (D:6)
  A white imp (D:7)
  An ufetubus (D:6)
  2 worms
  A dart slug (D:2)
  22 orcs
  3 endoplasms
  4 giant cockroaches
  5 goblins
  8 hobgoblins
  4 jackals (D:4)
  14 kobolds
  4 quokkas
  11 ball pythons
  2 bats
  4 frilled lizards
  5 rats
142 creatures vanquished.

Vanquished Creatures (others)
  A ball python (D:4)
  A fungus (D:1)
2 creatures vanquished.

Grand Total: 144 creatures vanquished

Notes
Turn   | Place    | Note
-------+----------+-------------------------------------------
     0 | D:1      | qw the Gargoyle Fighter began the quest for the Orb.
     0 | D:1      | Reached XP level 1. HP: 14/14 MP: 1/1
     0 | D:1      | 0 ||| qw: Version: 0.2-a-17-g06abaee
     0 | D:1      | 0 ||| qw: Game counter: 2244
     0 | D:1      | 0 ||| qw: Always use a shield: true
     0 | D:1      | 0 ||| qw: God list: Okawaru
     0 | D:1      | 0 ||| qw: Allow faded altars: false
     0 | D:1      | 0 ||| qw: Do Orc after D:15 true
     0 | D:1      | 0 ||| qw: Do second Lair branch before Depths: true
     0 | D:1      | 0 ||| qw: Lair rune preference: random
     0 | D:1      | 0 ||| qw: Plans: Normal, Zot:1-4, God:TSO, Crypt, Tomb,
                  | Pan, Slime:5, Hells, Abyss, Orb
     0 | D:1      | 0 ||| PLANNING D:1-11
     5 | D:1      | Reached skill level 2 in Axes
    43 | D:1      | Found a faded altar of an unknown god.
    51 | D:1      | 51 ||| Stepping ~*~*~tactically~*~*~ (stealth).
    52 | D:1      | 52 ||| Stepping ~*~*~tactically~*~*~ (stealth).
    53 | D:1      | 53 ||| Stepping ~*~*~tactically~*~*~ (stealth).
    61 | D:1      | 61 ||| Stepping ~*~*~tactically~*~*~ (stealth).
   158 | D:1      | Reached XP level 2. HP: 19/19 MP: 2/2
   387 | D:1      | 387 ||| Stepping ~*~*~tactically~*~*~ (stealth).
   388 | D:1      | 388 ||| Stepping ~*~*~tactically~*~*~ (stealth).
   391 | D:1      | 391 ||| Stepping ~*~*~tactically~*~*~ (stealth).
   392 | D:1      | 392 ||| Stepping ~*~*~tactically~*~*~ (stealth).
   393 | D:1      | 393 ||| Stepping ~*~*~tactically~*~*~ (stealth).
   741 | D:1      | 741 ||| UPGRADING to +0 chain mail.
   751 | D:1      | 751 ||| DROPPING +0 scale mail.
   752 | D:1      | 752 ||| UPGRADING to ring of resist corrosion.
   753 | D:1      | 753 ||| READING scroll labelled ENENOBR MUFU.
   754 | D:1      | 754 ||| READING scroll labelled QAOK WUPNUE.
   755 | D:1      | 755 ||| READING scroll labelled UGEETO MEM KAX.
   820 | D:2      | Reached skill level 3 in Axes
  1089 | D:2      | Reached XP level 3. HP: 22/23 MP: 3/3
  1393 | D:2      | 1393 ||| READING scroll of enchant weapon.
  1393 | D:2      | 1393 ||| ENCHANTING +1 war axe.
  1524 | D:2      | 1524 ||| READING scroll labelled TIUXTI ZANWAIZ.
  1525 | D:2      | 1525 ||| READING scroll labelled MAOLIE PAOCKU.
  1528 | D:2      | 1528 ||| DRINKING 2 glowing dark potions.
  1695 | D:3      | You fall into a shaft and drop 1 floor!
  1697 | D:4      | Found a staircase to the Ecumenical Temple.
  1698 | D:4      | 1698 ||| PLANNING TEMPLE
  1699 | D:4      | 1699 ||| DRINKING 3 red potions.
  1720 | Temple   | Entered the Ecumenical Temple
  1721 | Temple   | 1721 ||| PLANNING D:1-11
  1759 | D:4      | Reached skill level 4 in Axes
  1759 | D:4      | Reached XP level 4. HP: 28/28 MP: 4/4
  1872 | D:4      | 1872 ||| Stepping ~*~*~tactically~*~*~ (hiding).
  1941 | D:4      | 1941 ||| SWAPPING to +1 vampiric hand axe.
  1979 | D:4      | 1979 ||| DROPPING +0 club.
  1982 | D:4      | Identified the +5 chain mail of Narcissism {rPois rF+++
                  | Str-2 SInv}
  1992 | D:4      | Found a radiant altar of Vehumet.
  2052 | D:4      | Reached XP level 5. HP: 32/32 MP: 5/5
  2077 | D:4      | 2077 ||| UPGRADING to +5 chain mail of Narcissism {rPois
                  | rF+++ Str-2 SInv}.
  2087 | D:4      | 2087 ||| DROPPING +0 chain mail.
  2088 | D:4      | 2088 ||| READING scroll labelled XOODDI MUSUT.
  2089 | D:4      | 2089 ||| READING scroll labelled CEISEAPSER.
  2090 | D:4      | 2090 ||| READING scroll labelled FEGUUT ETIR.
  2371 | D:3      | 2371 ||| Stepping ~*~*~tactically~*~*~ (hiding).
  2399 | D:3      | Reached skill level 5 in Axes
  2402 | D:3      | Identified the +1 robe of the Yeti {Fly rElec rF+}
  2549 | D:3      | 2549 ||| Stepping ~*~*~tactically~*~*~ (stealth).
  2563 | D:3      | 2563 ||| Stepping ~*~*~tactically~*~*~ (stealth).
  2664 | D:3      | Noticed a kobold brigand
  2678 | D:3      | Killed a kobold brigand
  2679 | D:3      | Reached XP level 6. HP: 37/37 MP: 6/6
  2692 | D:3      | 2692 ||| READING scroll labelled SIZOUGH CEDE.
  2693 | D:3      | 2693 ||| READING scroll labelled IRHOUS ITUUHEB.
  2747 | D:4      | 2747 ||| Stepping ~*~*~tactically~*~*~ (stealth).
  2748 | D:4      | 2748 ||| Stepping ~*~*~tactically~*~*~ (stealth).
  3179 | D:5      | Entered Level 5 of the Dungeon
  3227 | D:5      | Reached XP level 7. HP: 43/43 MP: 7/7
  3229 | D:5      | 3229 ||| READING scroll of enchant weapon.
  3229 | D:5      | 3229 ||| ENCHANTING +1 vampiric hand axe.
  3265 | D:5      | 3265 ||| Stepping ~*~*~tactically~*~*~ (stealth).
  3269 | D:5      | 3269 ||| Stepping ~*~*~tactically~*~*~ (stealth).
  3269 | D:5      | Noticed qw's ghost (novice GrFi)
  3271 | D:5      | 3271 ||| Stepping ~*~*~tactically~*~*~ (stealth).
  3275 | D:5      | 3275 ||| Stepping ~*~*~tactically~*~*~ (stealth).
  3276 | D:5      | 3276 ||| Stepping ~*~*~tactically~*~*~ (stealth).
  3278 | D:5      | 3278 ||| Stepping ~*~*~tactically~*~*~ (stealth).
  3279 | D:5      | 3279 ||| Stepping ~*~*~tactically~*~*~ (stealth).
  3286 | D:5      | Reached skill level 6 in Axes
  3293 | D:5      | Found a transporter.
  3298 | D:5      | Found a transporter.
  3622 | D:5      | Reached skill level 7 in Axes
  4059 | D:5      | 4059 ||| Stepping ~*~*~tactically~*~*~ (stealth).
  4064 | D:5      | 4064 ||| Stepping ~*~*~tactically~*~*~ (water).
  4073 | D:5      | HP: 7/43 [gnoll/+0 spear (4)]
  4074 | D:5      | 4074 ||| READING 2 scrolls of teleportation.
  4074 | D:5      | HP: 3/43 [gnoll/+0 spear (5)]
  4075 | D:5      | 4075 ||| DRINKING 3 potions of heal wounds.
  4085 | D:5      | HP: 7/43 [gnoll/+0 halberd (10)]
  4086 | D:5      | 4086 ||| READING scroll of teleportation.
  4087 | D:5      | 4087 ||| DRINKING 2 potions of heal wounds.
  4167 | D:5      | 4167 ||| Stepping ~*~*~tactically~*~*~ (hiding).
  4168 | D:5      | 4168 ||| Stepping ~*~*~tactically~*~*~ (hiding).
  4216 | D:5      | 4216 ||| DROPPING +0 mace.
  4336 | D:5      | 4336 ||| READING scroll labelled NIPLOM YFUIN.
  4434 | D:6      | Found a glowing silver altar of Zin.
  4632 | D:6      | Reached XP level 8. HP: 50/50 MP: 8/8
  4668 | D:6      | Reached skill level 1 in Dodging
  4744 | D:6      | 4744 ||| Stepping ~*~*~tactically~*~*~ (stealth).
  4747 | D:6      | 4747 ||| Stepping ~*~*~tactically~*~*~ (stealth).
  5364 | D:6      | 5364 ||| Stepping ~*~*~tactically~*~*~ (stealth).
  5372 | D:6      | Reached skill level 8 in Axes
  5602 | D:6      | 5602 ||| Stepping ~*~*~tactically~*~*~ (stealth).
  5603 | D:6      | 5603 ||| Stepping ~*~*~tactically~*~*~ (stealth).
  5604 | D:6      | 5604 ||| Stepping ~*~*~tactically~*~*~ (stealth).
  5605 | D:6      | 5605 ||| Stepping ~*~*~tactically~*~*~ (stealth).
  5606 | D:6      | 5606 ||| Stepping ~*~*~tactically~*~*~ (stealth).
  5607 | D:6      | 5607 ||| Stepping ~*~*~tactically~*~*~ (stealth).
  5626 | D:6      | Reached skill level 6 in Fighting
  5644 | D:6      | Found a sacrificial altar of Ru.
  5651 | D:6      | 5651 ||| UPGRADING to +0 pair of gloves.
  5656 | D:6      | 5656 ||| DROPPING ring of magical power.
  5657 | D:6      | 5657 ||| READING scroll labelled VOIFIGEXTO.
  5690 | D:6      | 5690 ||| READING scroll labelled ULOCYN FEMA.
  5775 | D:7      | 5775 ||| Stepping ~*~*~tactically~*~*~ (stealth).
  5861 | D:7      | Reached XP level 9. HP: 55/55 MP: 9/9
  5890 | D:7      | 5890 ||| Stepping ~*~*~tactically~*~*~ (hiding).
  5998 | D:7      | 5998 ||| Stepping ~*~*~tactically~*~*~ (stealth).
  6000 | D:7      | 6000 ||| Stepping ~*~*~tactically~*~*~ (hiding).
  6001 | D:7      | 6001 ||| Stepping ~*~*~tactically~*~*~ (hiding).
  6013 | D:7      | Reached skill level 9 in Axes
  6204 | D:7      | HP: 8/55 [gnoll/+0 club[a gnoll sergeant] (6)]
  6205 | D:7      | 6205 ||| READING scroll of teleportation.
  6206 | D:7      | 6206 ||| DRINKING potion of heal wounds.
  6327 | D:7      | 6327 ||| Stepping ~*~*~tactically~*~*~ (hiding).
  6356 | D:7      | 6356 ||| Stepping ~*~*~tactically~*~*~ (stealth).
  6358 | D:7      | 6358 ||| Stepping ~*~*~tactically~*~*~ (hiding).
  6481 | D:7      | HP: 13/55 [gnoll/+0 flail[a gnoll bouda] (4)]
  6483 | D:7      | HP: 6/55 [gnoll/+0 flail[a gnoll bouda] (2)]
  6486 | D:7      | HP: 1/56 [gnoll/+0 halberd[a gnoll bouda] (6)]
  6494 | D:7      | Slain by a gnoll

Levels and vault maps discovered:
D:1:      dpeg_arrival_prison, layout_basic, ebering_ecumenical_altar_petrified,
          bh_walls_and_bars
D:2:      layout_basic
D:3:      cheibrodos_thug_alley, layout_basic, chequers_serial_rivers_large_b
D:4:      layout_basic, fiery_altar_vehumet, minmay_temple_entry_sparse_star
D:5:      layout_basic, gammafunk_ghost_hive, nrook_pool_corridor,
          grunt_ministairs_14, hangedman_decor_push,
          chequers_serial_rivers_small_a, kennysheep_generic_room_10
D:6:      layout_basic, lemuel_crystal_altar, lemuel_coloured_pillars_altar
D:7:      layout_gridville, lemuel_doored_altar,
          nicolae_hepliaklqana_monster_ancestors
Temple:   nicolae_temple_no_exploring_needed

Skill      XL: |  1  2  3  4  5  6  7  8  9 |
---------------+----------------------------+-----
Axes           | 2 3 4 5 7 8 9 |  9.0
Throwing       | 2 |  2.2
Fighting       | 4 5 6 |  6.4
Dodging        | 1 |  1.5
Armour         | 4 |  4.1
Shields        | 4 |  4.2

Action                   |  1- 3 |  4- 6 |  7- 9 || total
-------------------------+-------+-------+-------++-------
Melee: War axe           |    83 |    12 |       ||    95
       Hand axe          |       |   141 |   299 ||   440
Throw: Boomerang         |       |    46 |    37 ||    83
       Javelin           |       |       |    12 ||    12
  Use: Scroll            |     6 |     5 |     7 ||    18
       Potion            |     2 |       |     3 ||     5
Armor: Scale mail        |    25 |       |       ||    25
       Chain mail        |     6 |    93 |   206 ||   305
Dodge: Dodged            |    31 |    53 |   120 ||   204
Block: Buckler           |    16 |    27 |    47 ||    90

Table legend:
 A = Non-vault XP
 B = Vault XP
 C = Vault XP percentage of total XP
 D = Non-vault monster count
 E = Vault monster count
 F = Vault count percentage of total count
                 A         B        C        D         E       F
            +---------+---------+-------+---------+---------+-------
      Total |    2697 |     244 |   8.3 |     127 |      15 |  10.6
            +---------+---------+-------+---------+---------+-------
        D:1 |      26 |       3 |  10.3 |      18 |       2 |  10.0
        D:2 |      19 |       0 |   0.0 |      10 |       0 |   0.0
        D:3 |      88 |     109 |  55.3 |      20 |      10 |  33.3
        D:4 |     331 |       0 |   0.0 |      25 |       0 |   0.0
        D:5 |     419 |     132 |  24.0 |      15 |       3 |  16.7
        D:6 |     954 |       0 |   0.0 |      20 |       0 |   0.0
        D:7 |     860 |       0 |   0.0 |      19 |       0 |   0.0
            +---------+---------+-------+---------+---------+-------
